 Dungeon Sprint DCSS version 0.27.1-33-g824d729ab1 (webtiles) character file.

Game seed: 3811967639582287373

294 manyhoops the Impaler (level 6, 0/44 HPs)
             Began as a Merfolk Gladiator on Nov 25, 2021.
             Slain by a slime creature (17 damage)
             ... in the Dungeon (Sprint I: "Red Sonja").
             The game lasted 00:01:00 (408 turns).

manyhoops the Impaler (Merfolk Gladiator)            Turns: 408, Time: 00:01:00

Health: 0/44       AC:  6    Str: 15    XL:     6   Next: 34%
Magic:  6/6        EV: 13    Int:  8    God:
Gold:   173        SH:  0    Dex: 16    Spells: 5/5 levels left

rFire    . . .     SeeInvis .   b - +1 scythe (venom)
rCold    . . .     Faith    .   (shield currently unavailable)
rNeg     . . .     Spirit   .   f - +2 leather armour {Will+}
rPois    .         Reflect  .   c - +0 helmet
rElec    .         Harm     .   (no cloak)
rCorr    .         Rampage  .   (no gloves)
Will     +....     NoTele   +   (no boots)
Stlth    +.........             (no amulet)
HPRegen  0.14/turn              (no ring)
MPRegen  0.10/turn              (no ring)

@: no status effects
A: (nimble swimmer 2), mertail
a: no special abilities


You were in the Dungeon.
You visited 1 branch You collected 173 gold pieces.

Inventory:

Hand Weapons
 a - a +0 trident
 b - a +1 scythe of venom (weapon)
Missiles
 d - 2 throwing nets (quivered)
Armour
 c - a +0 helmet (worn)
 f - a +2 leather armour of willpower (worn)
Scrolls
 j - a scroll of blinking
 k - a scroll of enchant armour {unknown}
Potions
 e - a potion of curing
 g - a potion of haste
 h - 2 potions of magic
 i - a potion of berserk rage


   Skills:
 - Level 2.1 Fighting
 + Level 17.2 Polearms
 - Level 2.0 Throwing
 - Level 4.0 Dodging


You had 5 spell levels left.
You didn't know any spells.
Your spell library was empty.

Dungeon Overview and Level Annotations

Branches:
Dungeon (1/1)

Altars:
Makhleb
Sif Muna
Vehumet
Wu Jian
Xom
Jiyva
Lugonu


Innate Abilities, Weirdness & Mutations

((You are quick and stealthy near water. (Stealth+, EV+, Speed+++)))
Your lower body shifts to a powerful aquatic tail in water.


Message History

You slice the jelly!!
You kill the jelly!
Your Polearms skill increases to level 17!
Unknown command.
Press < or > to pray at altars.
No target in view!
Unknown command.
Press < or > to pray at altars.
No target in view!
k - a scroll labelled ZORAVVIRGHU You now have 173 gold pieces (gained 11).
There is an open door here.
You open the door.
A slime creature comes into view.
The slime creature quivers.
Found four altars.
You reach to attack!
You hit the slime creature.
The slime creature is poisoned.
The slime creature is lightly wounded.
The slime creature hits you!
Unknown command.
You barely miss the slime creature.
The slime creature is lightly wounded.
The slime creature hits you.
You barely miss the slime creature.
The slime creature is lightly wounded.
The slime creature closely misses you.
Unknown command.
You barely miss the slime creature.
The slime creature is lightly wounded.
The slime creature hits you but does no damage.
Unknown command.
You hit the slime creature but do no damage.
The slime creature hits you!
Unknown command.
There is an open door here.
You slash the slime creature!
The slime creature is moderately wounded.
The slime creature hits you!
You die...

################ ##
#<.#..)..#..@J.#__#
#..[..#..'[.#..'..+
#..#####'#####'#__#
#..# #..# #.# ##
#..# #### ##.# #..#
#_.+ #⌠⌠# +..._#
#### #_.#+# ##+


You could see a slime creature (poisoned).

Vanquished Creatures
  Sigmund (D)
  An ogre (D)
  A jelly (D)
  Ijyb (D)
4 creatures vanquished.

Notes
Turn   | Place    | Note
-------+----------+-------------------------------------------
     0 | D        | manyhoops the Merfolk Gladiator began the quest for the
                  | Orb.
     0 | D        | Reached XP level 1. HP: 16/16 MP: 1/1
     1 | D        | Noticed Ijyb
    46 | D        | Killed Ijyb
    47 | D        | Reached skill level 9 in Polearms
    47 | D        | Reached XP level 2. HP: 1/22 MP: 2/2
    47 | D        | Reached XP level 3. HP: 2/27 MP: 3/3
   339 | D        | Noticed an ogre
   350 | D        | Killed an ogre
   351 | D        | Reached skill level 13 in Polearms
   351 | D        | Reached XP level 4. HP: 33/33 MP: 4/4
   362 | D        | Noticed Sigmund
   370 | D        | Killed Sigmund
   371 | D        | Reached skill level 16 in Polearms
   371 | D        | Reached XP level 5. HP: 38/38 MP: 5/5
   371 | D        | Reached XP level 6. HP: 44/44 MP: 6/6
   388 | D        | Found an ornate altar of the Wu Jian Council.
   388 | D        | Found a shimmering blue altar of Sif Muna.
   390 | D        | Found a radiant altar of Vehumet.
   394 | D        | Reached skill level 17 in Polearms
   400 | D        | Found a burning altar of Makhleb.
   400 | D        | Found a viscous altar of Jiyva.
   400 | D        | Found a shimmering altar of Xom.
   400 | D        | Found a corrupted altar of Lugonu.
   400 | D        | Noticed a slime creature
   408 | D        | Slain by a slime creature

Illustrated notes

Levels and vault maps discovered:
D:        dungeon_sprint_1 [red_sonja_temple_1, red_sonja_temple_small_1]

Skill      XL: |  1  2  3  4  5  6 |
---------------+-------------------+-----
Polearms       | 9 13 16 17 | 17.2
Fighting       | |  2.1
Throwing       | |  2.0
Dodging        | |  4.0

Action                   |  1- 3 |  4- 6 || total
-------------------------+-------+-------++-------
Melee: Trident           |    54 |     7 ||    61
       Scythe            |       |     7 ||     7
Throw: Throwing net      |     1 |     1 ||     2
  Use: Potion            |     1 |       ||     1
 Stab: Sleeping          |       |     1 ||     1
Armor: Skin              |    16 |       ||    16
       Leather armour    |     3 |     1 ||     4
Dodge: Dodged            |    15 |     1 ||    16
